 Dungeon Crawl Stone Soup version 0.29.0-4-gdea44cf6ec (webtiles) character file.

Game seed: 1300403471494861523

115 qw the Chopper (level 5, 0/30 HPs)
             Began as a Tengu Warper on Aug 28, 2022.
             Slain by an ogre
             ... wielding a +0 giant spiked club
              (30 damage)
             ... on level 4 of the Dungeon.
             The game lasted 00:00:16 (3437 turns).

qw the Chopper (Tengu Warper)                       Turns: 3437, Time: 00:00:17

Health: 0/30       AC: 13    Str: 14    XL:     5   Next: 0%
Magic:  9/9        EV:  5    Int: 13    God:
Gold:   207        SH:  0    Dex: 13    Spells: 8/8 levels left

rFire   . . .      SeeInvis +   Y - +0 hand axe
rCold   . . .      Faith    .   (no shield)
rNeg    . . .      Spirit   .   g - +0 plate armour
rPois   .          Reflect  .   (helmet restricted)
rElec   .          Harm     .   i - +1 cloak
rCorr   .          Rampage  .   (no gloves)
Will    .....                   (boots unavailable)
Stlth   ..........              (no amulet)
HPRegen 0.10/turn               k - ring of see invisible
MPRegen 0.11/turn               (no ring)

@: flying quickly and evasively, quick
A: beak, talons 3, nimble flight
a: no special abilities


You were on level 4 of the Dungeon.
You visited 1 branch of the dungeon, and saw 4 of its levels.

You collected 207 gold pieces.


Innate Abilities, Weirdness & Mutations

You have a beak for a mouth.
You have claws for feet.
Your magical nature lets you fly swiftly and evasively.


   Skills:
 - Level 2.0 Fighting
 + Level 5.0 Axes
 - Level 1.0 Throwing
 - Level 2.3 Armour
 - Level 2.1 Dodging
 - Level 2.0 Spellcasting
 - Level 2.4 Translocations


You had 8 spell levels left.
You didn't know any spells.
Your spell library contained the following spells:

 Spells                   Type           Power      Damage    Failure   Level
 Blink                    Tloc           14%        N/A       100%        2
 Gell's Gravitas          Tloc           7%         N/A       100%        3
 Lesser Beckoning         Tloc           7%         N/A       100%        3
 Teleport Other           Tloc           7%         N/A       100%        3
 Manifold Assault         Tloc           7%         N/A       100%        5

Inventory:

Hand Weapons
 e - a +0 whip
 Y - a +0 hand axe (weapon)
Armour
 g - a +0 plate armour (worn)
 i - a +1 cloak (worn)
Jewellery
 k - a ring of see invisible (left hand)
Potions
 b - a potion of magic {unknown}
 d - a potion of heal wounds
 f - a potion of degeneration {unknown}
 h - a potion of mutation {unknown}
 j - a potion of haste {unknown}
 l - a potion of lignification {unknown}
 m - 2 potions of curing

Dungeon Overview and Level Annotations

Branches:
Dungeon (4/15)
 Temple: D:4-7

Altars:

Shops:
D:2 (   D:4 *

Annotations:
D:4 3 runed translucent doors


Message History

Done exploring.
3333 ||| READING scroll labelled BOIP JEUTA.
As you read the scroll labelled BOIP JEUTA, it crumbles to dust.
The scroll dissolves into smoke.
It was a scroll of fog.
Done exploring.
(D) Dungeon
Where to? (* - list waypoints, Enter - D:3, ? - help)
What level of the Dungeon? (default 1, ? - help)
You see here 8 stones.
You see here a +0 dagger.
You see here a +0 dagger.
There is a stone staircase leading down here.
You fly downwards.
Found a stone staircase leading down.
There is a stone staircase leading up here.
Existing waypoints: (1) D:2 (2) D:3 Assign waypoint to what number? (0-9, D - delete waypoint) Waypoint 1 re-assigned from D:2 to D:4.
Enter note:
Found an escape hatch in the floor.
Found a stone staircase leading down.
Enter note: You reach down and open the door.
There is an open door here.
You reach down and open the door.
There is an open door here.
Found a ring mail.
Enter note: You reach down and open the door.
There is an open door here.
You now have 207 gold pieces (gained 5).
There is an open door here.
An ogre comes into view. It is wielding a +0 giant spiked club.
The ogre shouts!
Enter note: You hit the ogre.
The ogre is lightly wounded.
The ogre hits you with a +0 giant spiked club!!
Ouch! That really hurt!
You die...

......#..>.......#.......#
......+..........#.......#
......#..........#.......#
#####............###.##..#
.....#####.##'######.#####
.....#...#.#..'...'......#
.....#.>.#.#..#...#......#
.....#...#.#####.######.^#
###..#.\.#.# #@# ##..#
#..#...#.##...O....#...#
#..#####.##........#...#
#... .####...##..#####
#...# ..# #.[.. ... #....
... #.... ...


You could see an ogre.

Vanquished Creatures
  A gnoll (D:3)
  4 adders (D:3)
  3 worms
  3 dart slugs
  An orc (D:3)
  3 bats
  2 endoplasms
  3 giant cockroaches (D:1)
  4 hobgoblins
  5 kobolds
  2 quokkas
  9 ball pythons
  7 frilled lizards
  6 goblins
  4 rats
57 creatures vanquished.

Vanquished Creatures (others)
  3 plants (D:3)
  4 toadstools (D:2)
7 creatures vanquished.

Grand Total: 64 creatures vanquished

Notes
Turn   | Place    | Note
-------+----------+-------------------------------------------
     0 | D:1      | qw the Tengu Warper began the quest for the Orb.
     0 | D:1      | Reached XP level 1. HP: 12/12 MP: 4/4
     0 | D:1      | 0 ||| qw: Version: 0.1-a-89-g26bdef1
     0 | D:1      | 0 ||| qw: Game counter: 920
     0 | D:1      | 0 ||| qw: Always use a shield: true
     0 | D:1      | 0 ||| qw: God list: Okawaru
     0 | D:1      | 0 ||| qw: Allow faded altars: false
     0 | D:1      | 0 ||| qw: Do Orc after D:15 true
     0 | D:1      | 0 ||| qw: Do second Lair branch before Depths: true
     0 | D:1      | 0 ||| qw: Lair rune preference: random
     0 | D:1      | 0 ||| qw: Plans: Normal
     0 | D:1      | 0 ||| PLANNING D:1-11
   191 | D:1      | Reached XP level 2. HP: 16/17 MP: 6/6
   234 | D:1      | Reached skill level 3 in Axes
   555 | D:1      | 555 ||| Stepping ~*~*~tactically~*~*~ (hiding).
   670 | D:1      | Found a faded altar of an unknown god.
   985 | D:1      | 985 ||| UPGRADING to +0 chain mail.
   995 | D:1      | 995 ||| DROPPING +0 leather armour.
   996 | D:1      | 996 ||| UPGRADING to +0 plate armour.
  1006 | D:1      | 1006 ||| DROPPING +0 chain mail.
  1007 | D:1      | 1007 ||| UPGRADING to +0 cloak.
  1012 | D:1      | 1012 ||| UPGRADING to ring of see invisible.
  1013 | D:1      | 1013 ||| READING scroll labelled ENACVUDGHULLE.
  1018 | D:1      | 1018 ||| READING scroll labelled PATUUH EPEI.
  1019 | D:1      | 1019 ||| READING scroll labelled SISTRE DAOSIANESO.
  1020 | D:1      | 1020 ||| DRINKING 2 grey potions.
  1021 | D:1      | 1021 ||| DRINKING 2 white potions.
  1022 | D:1      | 1022 ||| DROPPING scroll of blinking.
  1068 | D:2      | Reached XP level 3. HP: 21/21 MP: 7/7
  1248 | D:2      | Found Wadweoha's Weapon Shop.
  1266 | D:2      | 1266 ||| SHOPLISTING +1 hand axe of venom (106 gold, have
                  | 39).
  1266 | D:2      | 1266 ||| SHOPLISTING +14 obsidian axe {vorpal, Mesm Drain
                  | Fly SInv} (837 gold, have 39).
  1419 | D:2      | 1419 ||| FLEEEEING.
  1420 | D:2      | 1420 ||| FLEEEEING.
  1437 | D:2      | 1437 ||| FLEEEEING.
  1445 | D:2      | 1445 ||| Stepping ~*~*~tactically~*~*~ (hiding).
  1451 | D:2      | Reached skill level 4 in Axes
  1603 | D:2      | 1603 ||| READING scroll labelled DEPUEHUROFF.
  1604 | D:2      | 1604 ||| READING scroll labelled FUELIALISE.
  1605 | D:2      | 1605 ||| READING scroll labelled QUNWUPNAWI.
  1606 | D:2      | 1606 ||| Stepping randomly (stuck).
  1607 | D:2      | 1607 ||| Stepping ~*~*~tactically~*~*~ (cloud).
  1611 | D:2      | HP: 5/21 [poisoned by you (poison gas)]
  1615 | D:2      | HP: 2/21 [poisoned by you (poison gas)]
  1947 | D:3      | 1947 ||| STAIRDANCE
  2004 | D:3      | 2004 ||| READING scroll of enchant armour.
  2004 | D:3      | 2004 ||| ENCHANTING +0 cloak.
  2141 | D:3      | 2141 ||| Stepping ~*~*~tactically~*~*~ (stealth).
  2169 | D:3      | 2169 ||| Stepping ~*~*~tactically~*~*~ (stealth).
  2171 | D:3      | 2171 ||| Stepping ~*~*~tactically~*~*~ (stealth).
  2192 | D:3      | Reached XP level 4. HP: 9/26 MP: 8/8
  2462 | D:3      | 2462 ||| Stepping ~*~*~tactically~*~*~ (stealth).
  2470 | D:3      | 2470 ||| Stepping ~*~*~tactically~*~*~ (stealth).
  2817 | D:3      | 2817 ||| Stepping ~*~*~tactically~*~*~ (stealth).
  3088 | D:3      | Reached skill level 5 in Axes
  3276 | D:3      | Gained mutation: Your magical nature lets you fly swiftly
                  | and evasively. [Tengu growth]
  3276 | D:3      | Reached XP level 5. HP: 30/30 MP: 9/9
  3279 | D:3      | Identified the +2 leather armour of the Eternal Void {Fly
                  | rPois Regen+ SInv}
  3333 | D:3      | 3333 ||| READING scroll labelled BOIP JEUTA.
  3372 | D:4      | Found a runed translucent gate.
  3372 | D:4      | Found a runed translucent gate.
  3372 | D:4      | Found a runed translucent gate.
  3375 | D:4      | Found Tualeh's Assorted Antiques.
  3431 | D:4      | Noticed an ogre
  3437 | D:4      | Slain by an ogre

Levels and vault maps discovered:
D:1:      roderic_dead_forest, layout_basic, chequers_ecumenical_altar_lobes,
          minivault_24
D:2:      layout_rooms, serial_shops, nicolae_shop_bloodbath_and_beyond,
          minmay_gold_behind_fungi
D:3:      minmay_octagon_keep, layout_rooms, minmay_lizard_king
D:4:      layout_gridville, lemuel_crystal_altar, temple_green,
          gammafunk_ghost_cemetery, serial_shops, nicolae_take_the_stairs,
          uniq_robin

Skill      XL: |  1  2  3  4 |
---------------+-------------+-----
Axes           | 3 4 5 |  5.0
Armour         | 2 |  2.3
Fighting       | |  2.0
Throwing       | |  1.0
Dodging        | |  2.1
Spellcasting   | |  2.0
Translocations | |  2.4

Action                   |  1- 3 |  4- 6 || total
-------------------------+-------+-------++-------
Melee: Hand axe          |    80 |    70 ||   150
       Kick              |    26 |    18 ||    44
       Peck              |     9 |     9 ||    18
Throw: Boomerang         |     7 |       ||     7
  Use: Scroll            |     7 |     1 ||     8
       Potion            |     2 |       ||     2
 Stab: Distracted        |     1 |     1 ||     2
Armor: Leather armour    |     7 |       ||     7
       Plate armour      |    26 |    33 ||    59
Dodge: Dodged            |    23 |     9 ||    32

Table legend:
 A = Non-vault XP
 B = Vault XP
 C = Vault XP percentage of total XP
 D = Non-vault monster count
 E = Vault monster count
 F = Vault count percentage of total count
                 A         B        C        D         E       F
            +---------+---------+-------+---------+---------+-------
      Total |     113 |      52 |  31.5 |      41 |      16 |  28.1
            +---------+---------+-------+---------+---------+-------
        D:1 |      33 |       0 |   0.0 |      17 |       0 |   0.0
        D:2 |      15 |       0 |   0.0 |       7 |       0 |   0.0
        D:3 |      65 |      52 |  44.4 |      17 |      16 |  48.5
            +---------+---------+-------+---------+---------+-------
